 Dungeon Crawl Stone Soup version 0.17-a0-1407-gde22cd8 (webtiles) character file.

203 Geeful the Insei (level 5, -2/33 HPs)
             Began as an Octopode Transmuter on June 22, 2015.
             Killed by divine providence
             ... invoked by an orc priest
              (12 damage)
             ... on level 3 of the Dungeon.
             The game lasted 00:08:34 (3838 turns).

Geeful the Insei (Octopode Transmuter)              Turns: 3838, Time: 00:08:34

Health: -2/33      AC:  1    Str:  5 (9)  XL:     5   Next: 81%
Magic:  8/8        EV: 12    Int: 14      God:
Gold:   132        SH:  0    Dex: 15      Spells: 2 memorised, 5 levels left

rFire  . . .     SeeInvis .       - Unarmed
rCold  . . .     Clarity  .     (no shield)
rNeg   . . .     SustAt   .     (helmet restricted)
rPois  +         Gourm    .     (no amulet)
rElec  .         Spirit   .     k - ring of poison resistance
rCorr  .         Warding  .     (no ring)
rMut   .         Stasis   .     (no ring)
MR     .....                    (no ring)
Stlth  ++........               (no ring)
                                (no ring)
                                (no ring)
                                (no ring)

@: lethally poisoned (-2 -> -13), not resistant to hostile enchantments,
unstealthy
A: almost no armour, amphibious, 8 rings, constrict 8, camouflage 1, agile 1,
dopey 1, sense surroundings 1, gelatinous body 1
a: no special abilities


You were on level 3 of the Dungeon.
You were not hungry.

You visited 1 branch of the dungeon, and saw 3 of its levels.

You collected 132 gold pieces.

Inventory:

Missiles
 a - 42 arrows
 h - 15 poisoned needles
 m - 2 throwing nets (quivered)
Jewellery
 k - a ring of poison resistance (left tentacle)
Scrolls
 d - a scroll of random uselessness {unknown}
 f - a scroll of remove curse
 g - a scroll of enchant armour {unknown}
 j - a scroll of blinking {unknown}
 l - a scroll of teleportation {unknown}
 o - a scroll of identify
Potions
 e - a potion of brilliance {unknown}
Books
 b - a book of Changes

   Spells                             Type                      Level
   a - Beastly Appendage              Transmutation                1
   b - Sticks to Snakes               Transmutation                2
   c - Spider Form                    Transmutation/Poison         3
   d - Ice Form                       Ice/Transmutation            4
   e - Blade Hands                    Transmutation                5
Comestibles
 c - 2 bread rations
 i - a meat ration
 n - 2 chunks of flesh
 p - 3 fruits


   Skills:
 - Level 1.0 Fighting
 - Level 2.0 Dodging
 + Level 6.3 Unarmed Combat
 - Level 2.0 Spellcasting
 - Level 2.0 Transmutations


You had 5 spell levels left.
You knew the following spells:

 Your Spells              Type           Power        Failure   Level  Hunger
a - Beastly Appendage     Trmt           #.....       12%         1    ##.....
b - Sticks to Snakes      Trmt           #.........   17%         2    ###....


Dungeon Overview and Level Annotations

Branches:
Dungeon (3/15)

Altars:
Gozag
Qazlal
The Shining One


Innate Abilities, Weirdness & Mutations

You cannot wear most types of armour.
You are amphibious.
You can wear up to eight rings at the same time.
You can use your tentacles to constrict eight enemies at once.
Your skin changes colour to match your surroundings (Stealth).
Your rubbery body absorbs attacks (AC +1).
You are agile. (Dex +2)
You are dopey. (Int -2)
You passively map a small area around you.


Message History

You kill the orc!
You feel sick.
You barely miss the orc. You grab the orc. You tentacle-slap the orc.
The orc is moderately wounded.
You constrict the orc, but do no damage.
You feel sick. The orc hits you but does no damage.
You bludgeon the orc!
You kill the orc!
You feel sick.
You tentacle-slap the orc priest. You grab the orc priest.
You squeeze the orc priest.
The orc priest is heavily wounded.
You constrict the orc priest.
You feel sick.
A worm comes into view.
You tentacle-slap the orc priest but do no damage.
The orc priest is severely wounded.
You constrict the orc priest.
The orc priest mumbles some strange prayers to Beogh against you.
Something smites you!
You die...

# ## .# .##
..#######
........############
..#####.........@o.#
.............#####w#
############.# # #.#
*,* #.# * #.# #.#
#.# * * #.# ,


You could see a worm and an orc priest.

Vanquished Creatures
  An orc wizard (D:3)
  8 adders
  2 gnolls (D:3)
  4 worms
  2 giant geckos
  7 orcs (D:3)
  A ball python (D:1)
  A giant cockroach (D:2)
  5 goblins
  A hobgoblin (D:3)
  3 jackals (D:1)
  9 kobolds
  2 quokkas (D:3)
  10 bats
  6 giant newts
  11 rats
73 creatures vanquished.

Notes
Turn   | Place    | Note
--------------------------------------------------------------
     0 | D:1      | Geeful the Octopode Transmuter began the quest for the Orb.
     0 | D:1      | Reached XP level 1. HP: 13/13 MP: 3/3
   553 | D:1      | Reached XP level 2. HP: 18/18 MP: 5/5
   557 | D:1      | Learned a level 2 spell: Sticks to Snakes
  1042 | D:2      | Reached skill level 4 in Unarmed Combat
  1228 | D:2      | Found a stormy altar of Qazlal.
  1294 | D:2      | Reached XP level 3. HP: 21/23 MP: 6/6
  1324 | D:2      | Gained mutation: You are dopey. (Int -2) [potion of mutation]
  1324 | D:2      | Gained mutation: You are agile. (Dex +2) [potion of mutation]
  1324 | D:2      | Gained mutation: You passively map a small area around you. [potion of mutation]
  1540 | D:2      | Found a glowing golden altar of the Shining One.
  1634 | D:2      | Reached XP level 4. HP: 26/28 MP: 5/7
  1879 | D:2      | Reached skill level 5 in Unarmed Combat
  2273 | D:3      | Found an opulent altar of Gozag.
  2505 | D:3      | Reached XP level 5. HP: 16/33 MP: 8/8
  2760 | D:3      | Reached skill level 6 in Unarmed Combat
  3838 | D:3      | Killed from afar by an orc priest

Vault maps used:
D:1:      dpeg_arrival_tiny_k
D:2:      tso_oasis_becter, grunt_qazlal_clouds
D:3:      led_sif_book, first_bread, nicolae_gozag_seed_capital

Action                   |  1- 3 |  4- 6 || total
-------------------------+-------+-------++-------
Melee: Unarmed           |    66 |   102 ||   168
 Cast: Beastly Appendage |     7 |    10 ||    17
  Use: Potion            |     1 |     2 ||     3
       Scroll            |       |     3 ||     3
 Stab: Sleeping          |     6 |     3 ||     9
  Eat: Chunk             |     2 |     5 ||     7
       Meat ration       |       |     1 ||     1
